 Dungeon Crawl Stone Soup version 0.19-a0-503-g45a6586 (webtiles) character file.

42 st0uf the Charmwright (level 3, -2/30 HPs)
             Began as a Draconian Skald on June 5, 2016.
             Was a Follower of Uskayaw.
             Slain by Sigmund
             ... wielding a +0 scythe
              (11 damage)
             ... on level 2 of the Dungeon.
             The game lasted 00:08:03 (1127 turns).

st0uf the Charmwright (Draconian Skald)             Turns: 1127, Time: 00:08:04

Health: -2/30      AC:  5    Str: 15    XL:     3   Next: 33%
Magic:  2/6        EV: 12    Int: 12    God:    Uskayaw [*.....]
Gold:   108        SH:  0    Dex: 10    Spells: 3 memorised, 1 level left

rFire  . . .     SeeInvis .     a - +0 mace
rCold  . . .     Gourm    .     (armour unavailable)
rNeg   . . .     Faith    .     (no shield)
rPois  .         Spirit   .     (helmet restricted)
rElec  .         Dismiss  .     (no cloak)
rCorr  .         Reflect  .     (no gloves)
SustAt .         Harm     .     (no boots)
MR     .....                    p - amulet of inaccuracy (curse)
Stlth  +.........               (no ring)
                                (no ring)

@: infused, not resistant to hostile enchantments, very unstealthy
A: unfitting armour, cold-blooded, AC +5
a: Stomp, Renounce Religion


You were on level 2 of the Dungeon.
You worshipped Uskayaw.
Uskayaw was aware of your devotion.
You were hungry.

You visited 1 branch of the dungeon, and saw 2 of its levels.

You collected 108 gold pieces.

Inventory:

Hand Weapons
 a - a +0 mace (weapon)
 q - a +0 whip of freezing
Jewellery
 p - a cursed amulet of inaccuracy (around neck)
Scrolls
 j - a scroll of blinking
 l - a scroll of identify
Potions
 e - a potion of lignification {unknown}
 f - a potion of mutation {unknown}
 i - a potion of magic {unknown}
 k - 2 potions of agility {unknown}
 m - a potion of might {unknown}
 n - a potion of curing {unknown}
 o - a potion of flight {unknown}
Books
 b - a book of Battle

   Spells                             Type                      Level
   a - Infusion                       Charms                       1
   b - Shroud of Golubria             Charms/Translocation         2
   c - Song of Slaying                Charms                       2
   d - Spectral Weapon                Hexes/Charms                 3
   e - Regeneration                   Charms/Necromancy            3
Comestibles
 c - a bread ration
 d - 4 meat rations
 g - a chunk of flesh
 h - a beef jerky


   Skills:
 + Level 2.4 Fighting
 + Level 2.4 Maces & Flails
 + Level 1.8 Dodging
 - Level 2.0 Spellcasting
 + Level 3.4 Charms


You had one spell level left.
You knew the following spells:

 Your Spells              Type           Power        Failure   Level  Hunger
a - Infusion              Chrm           #...         10%         1    ##.....
b - Song of Slaying       Chrm           #.......     12%         2    ###....
c - Shroud of Golubria    Chrm/Tloc      #.........   21%         2    ###....


Dungeon Overview and Level Annotations

Branches:
Dungeon (2/15)

Altars:
Gozag
Uskayaw
The Shining One

Annotations:
D:2 Sigmund


Innate Abilities, Weirdness & Mutations

Your plain brown scales are hard. (AC +5)
Your body does not fit into most forms of armour.
You are cold-blooded and may be slowed by cold attacks.


Message History

Sigmund closely misses you.
You hit Sigmund.
Sigmund is heavily wounded.
You barely miss Sigmund.
Your tail-slap misses Sigmund.
Sigmund is heavily wounded.
Sigmund barely misses you.
You barely miss Sigmund.
Sigmund is heavily wounded.
Sigmund hits you with a scythe.
You closely miss Sigmund.
Your tail-slap misses Sigmund.
Sigmund is heavily wounded.
Sigmund hits you with a scythe.
* * * LOW HITPOINT WARNING * * *
You closely miss Sigmund.
Sigmund is heavily wounded.
Sigmund closely misses you.
You sock Sigmund!
Sigmund is severely wounded.
Sigmund hits you with a scythe!
You die...

......###.#####
..............#.
......###.###.#.
......# #.# .#.
......# #.. ..
####.## #### #.##
#.# ..# #.# #. #@#
#.# #.##@# #.#
#.##.# #.# #.##.#
#.# #.##.# #.#
#.##.#
####.########.##.#
.................#
####.########.####
#..........#


You could see Sigmund.

Vanquished Creatures
  An adder (D:2)
  A worm (D:2)
  A giant gecko (D:1)
  2 ball pythons (D:1)
  5 bats
  2 giant cockroaches (D:1)
  A goblin (D:1)
  5 hobgoblins
  4 kobolds
  2 giant newts
  2 rats
26 creatures vanquished.

Notes
Turn   | Place    | Note
--------------------------------------------------------------
     0 | D:1      | st0uf the Draconian Skald began the quest for the Orb.
     0 | D:1      | Reached XP level 1. HP: 17/17 MP: 3/3
   106 | D:1      | Reached skill level 3 in Charms
   106 | D:1      | Reached XP level 2. HP: 20/24 MP: 1/5
   499 | D:2      | Reached XP level 3. HP: 18/30 MP: 0/6
   708 | D:2      | Found an opulent altar of Gozag.
   813 | D:2      | Found a hide-covered altar of Uskayaw.
   819 | D:2      | Became a worshipper of Uskayaw the Reveler
   828 | D:2      | Learned a level 2 spell: Song of Slaying
   831 | D:2      | Learned a level 2 spell: Shroud of Golubria
   897 | D:2      | Reached * piety under Uskayaw
  1016 | D:2      | Found a glowing golden altar of the Shining One.
  1094 | D:2      | Noticed Sigmund
  1127 | D:2      | Slain by Sigmund

Vault maps used:
D:1:      nicolae_arrival_memento_mori
D:2:      grunt_gozag_breadcrumbs, lemuel_round_altar, tso_oasis_becter,
          uniq_sigmund

Skill      XL: |  1 |
---------------+----+-----
Charms         | 3 |  3.4
Fighting       | |  2.4
Maces & Flails | |  2.4
Dodging        | |  1.8
Spellcasting   | |  2.0

Action                   || total
-------------------------++-------
Melee: Mace              ||    86
       Tailslap          ||     9
 Cast: Infusion          ||    17
       Song of Slaying   ||     4
  Use: Scroll            ||     5
 Stab: Sleeping          ||     1
  Eat: Chunk             ||     1
Armor: Skin              ||    28
Dodge: Dodged            ||    55
